 Dungeon Crawl Stone Soup version 0.22-a0-433-gd2a9cce (webtiles) character file.

28 Gorglomux the Skirmisher (level 3, -5/33 HPs)
             Began as a Minotaur Abyssal Knight on May 27, 2018.
             Was a Follower of Lugonu.
             Slain by a gnoll
             ... wielding a +0 whip
              (7 damage)
             ... on level 2 of the Dungeon.
             The game lasted 00:00:44 (1246 turns).

Gorglomux the Skirmisher (Minotaur Abyssal Knight)  Turns: 1246, Time: 00:00:46

Health: -5/33      AC:  3    Str: 17    XL:     3   Next: 0%
Magic:  3/3        EV: 11    Int:  9    God:    Lugonu [*.....]
Gold:   42         SH:  0    Dex:  9    Spells: 2/2 levels left

rFire    . . .     SeeInvis .   a - +1 hand axe
rCold    . . .     Gourm    .   (no shield)
rNeg     . . .     Faith    .   b - +0 leather armour
rPois    .         Spirit   .   (helmet restricted)
rElec    .         Reflect  .   (no cloak)
rCorr    .         Harm     .   (no gloves)
MR       .....                  (no boots)
Stlth    +.........             (no amulet)
HPRegen  0.11/turn              (no ring)
MPRegen  0.08/turn              (no ring)

@: no status effects
A: retaliatory headbutt, horns 2
a: Depart the Abyss, Renounce Religion


You were on level 2 of the Dungeon.
You worshipped Lugonu.
Lugonu was aware of your devotion.
You were not hungry.

You visited 1 branch of the dungeon, and saw 2 of its levels.
You visited the Abyss 1 time.

You collected 42 gold pieces.

Inventory:

Hand Weapons
 a - a +1 hand axe (weapon)
Armour
 b - a +0 leather armour (worn)
Jewellery
 l - an uncursed ring of resist corrosion {unknown}
Scrolls
 d - a scroll of enchant weapon {unknown}
 g - a scroll of magic mapping {unknown}
 i - a scroll of identify {unknown}
 p - 2 scrolls of teleportation {unknown}
 r - a scroll of enchant armour {unknown}
Potions
 e - a potion of heal wounds {unknown}
 f - a potion of cancellation {unknown}
 j - a potion of invisibility {unknown}
 k - a potion of lignification {unknown}
 m - a potion of brilliance {unknown}
 n - a potion of haste {unknown}
 q - a potion of ambrosia {unknown}
 s - 2 potions of degeneration {unknown}
 t - a potion of agility {unknown}
Comestibles
 c - 5 rations
 u - a chunk of flesh


   Skills:
 + Level 4.0 Fighting
 + Level 3.0 Axes
 + Level 3.0 Armour
 - Level 1.1 Dodging
 + Level 2.2 Invocations


You had 2 spell levels left.
You didn't know any spells.
Your spell library was empty.

Dungeon Overview and Level Annotations

Branches:
Dungeon (2/15)

Altars:


Innate Abilities, Weirdness & Mutations

You reflexively headbutt those who attack you in melee.
You have a pair of horns on your head.


Message History

Your experience leads to an increase in your attributes!!!
Increase (S)trength, (I)ntelligence, or (D)exterity?
You butt stronger!
The gnoll hits you with an enchanted whip! * * * don't die
* * * The gnoll hits you with a whip! * * * don'butt die
* * * The kobold throws a stone!
The stone barely misses you!
You see here a stone!
You chop the gnoll but do butt damage! Your headbutt misses the gnoll!
The gnoll is severely wounded!
The gnoll barely misses you!
The gnoll hits you with a whip!!! * * * don't die
* * * You barely miss the butt!
The gnoll is severely wounded!
Butt cut the gnoll but do no damage!
The gnoll butts you with an enchanted butt! * * * don't die
* * * The gnoll hits you with a whip!!! rip

### #######.##
#.g>.....#
#@#####.##
#g#...#.#
#K#.#.#.#
#s#<#.#.#
#.###.#.######
#.#...#......#
#.#.#######.##
#.#.# #.#
#.#.# #.#


You could see 2 gnolls, a giant cockroach and a kobold.

Vanquished Creatures
  A gnoll (D:2)
  An ooze (D:1)
  A leopard gecko (D:1)
  A giant cockroach (D:2)
  3 hobgoblins (D:1)
  A jackal (D:1)
  2 bats
  A goblin (D:1)
  4 rats
15 creatures vanquished.

Notes
Turn   | Place    | Note
-------+----------+-------------------------------------------
     0 | Abyss:1  | Gorglomux the Minotaur Abyssal Knight began the quest for the Orb.
     0 | Abyss:1  | Reached XP level 1. HP: 19/19 MP: 1/1
    57 | Abyss:1  | Found a corrupted altar of Lugonu.
    92 | Abyss:1  | Noticed a small abomination
   100 | D:1      | Escaped the Abyss
   734 | D:1      | Reached XP level 2. HP: 27/27 MP: 2/2
  1184 | D:2      | Reached * piety under Lugonu
  1188 | D:2      | Reached skill level 4 in Fighting
  1188 | D:2      | Reached skill level 3 in Axes
  1188 | D:2      | Reached skill level 3 in Armour
  1188 | D:2      | Reached XP level 3. HP: 13/33 MP: 3/3
  1246 | D:2      | Slain by a gnoll

Vault maps used:
D:1:      dpeg_arrival_brainrot, minmay_stone_trees_medium, solitary_fountain
Abyss:1:  minivault_13

Skill      XL: |  1  2 |
---------------+-------+-----
Invocations    | 2 |  2.2
Fighting       | 4 |  4.0
Axes           | 3 |  3.0
Armour         | 3 |  3.0
Dodging        | |  1.1

Action                   || total
-------------------------++-------
Melee: Hand axe          ||    26
       Headbutt          ||     4
Invok: Depart the Abyss  ||     1
  Eat: Chunk             ||     1
Armor: Leather armour    ||     7
Dodge: Dodged            ||    24

Table legend:
 A = Spawn XP
 B = Non-spawn XP
 C = Spawn XP percentage of total XP
 D = Spawn monster count
 E = Non-spawn monster count
 F = Spawn count percentage of total count
 G = Total turns spent on level
                    A         B        C        D         E        F      G
               +---------+---------+-------+---------+---------+-------+---------
         Total |       0 |      41 |   0.0 |       0 |      15 |   0.0 |  1246
               +---------+---------+-------+---------+---------+-------+---------
           D:1 |       0 |      22 |   0.0 |       0 |      10 |   0.0 |   937
           D:2 |       0 |      19 |   0.0 |       0 |       5 |   0.0 |   209
               +---------+---------+-------+---------+---------+-------+---------
